 Dungeon Crawl Stone Soup version 0.31-a0-656-gb4d89c20fa (webtiles) character file.

Game seed: 3549916507649889166

129399 LobsterGuardian the Severer (level 17, -11/166 HPs)
             Began as a Hill Orc Monk on Aug 30, 2023.
             Was a Priest of Uskayaw.
             Shot with a bolt by a naga sharpshooter (24 damage)
             ... led by Vashnia
             ... on level 2 of the Snake Pit.
             The game lasted 01:09:17 (29168 turns).

LobsterGuardian the Severer (Hill Orc Monk)        Turns: 29168, Time: 01:09:18

Health: -11/166    AC: 34    Str: 26    XL:     17   Next: 5%
Magic:  26/31      EV: 10    Int:  8    God:    Uskayaw [***...]
Gold:   3421       SH:  0    Dex: 14    Spells: 16/16 levels left

rFire   . . .        g - +1 executioner's axe (elec)
rCold   + . .        (shield currently unavailable)
rNeg    . . .        a - +5 plate armour of Resilience {rPois Str+2 Int-4}
rPois   +            T - +0 helmet
rElec   +            W - scarf {+Inv}
rCorr   .            I - +2 pair of gloves of Irril {Harm}
SInv    .            Q - +2 pair of boots of Neca Lup {Int+3}
Will    +....        O - amulet of regeneration Stlth
                     k - ring "Wotu" {rElec Slay+4}
HPRegen 1.27/turn    C - ring "Kijuom" {rC+ AC+4}
MPRegen 0.22/turn

%: harm (+30% outgoing, +20% incoming), clarity
@: mighty, lethally poisoned (-11 -> -11), studying Maces & Flails
A: clarity, poison resistance, strong 1, MP-powered wands
a: Renounce Religion, Evoke Invisibility, Stomp, Line Pass


You were on level 2 of the Snake Pit.
You worshipped Uskayaw.
Uskayaw was greatly pleased with you.
You visited 4 branches of the dungeon, and saw 25 of its levels.
You also visited: Sewer, Bailey and Gauntlet.

You collected 3525 gold pieces.
You spent 104 gold pieces at shops.

Inventory:

Hand Weapons
 g - a +1 executioner's axe of electrocution (weapon)
 y - a +2 hand axe of flaming
Missiles
 G - 8 boomerangs (quivered)
Armour
 a - the +5 plate armour of Resilience (worn) {rPois Str+2 Int-4}
   (You took it off a minotaur in a Gauntlet)

   Str+2:     It affects your strength (+2).
   Int-4:     It affects your intelligence (-4).
   rPois:     It protects you from poison
 I - the +2 pair of gloves of Irril (worn) {Harm}
   (You found it in a Gauntlet)

   Harm:      It increases damage dealt and taken.
 Q - the +2 pair of boots of Neca Lup (worn) {Int+3}
   (You found it on level 14 of the Dungeon)

   Int+3:     It affects your intelligence (+3).
 T - a +0 helmet (worn)
 W - a scarf of invisibility (worn)
Jewellery
 c - the ring of Imiror {MP+9 Str+2 Int+8}
   (You found it on level 5 of the Lair of Beasts)

   [ring of magical power]

   Str+2:     It affects your strength (+2).
   Int+8:     It affects your intelligence (+8).
   MP+9:      It affects your magic capacity (+9).
 d - a +6 ring of dexterity
 j - a ring of protection from fire
 k - the ring "Wotu" (left hand) {rElec Slay+4}
   (You took it off an ogre mage on level 15 of the Dungeon)

   [ring of slaying]

   Slay+4:    It affects your accuracy & damage with ranged weapons and melee
   (+4).
   rElec:     It insulates you from electricity.
 l - a ring of ice
 n - a ring of fire
 o - a ring of poison resistance
 B - a +6 ring of strength
 C - the ring "Kijuom" (right hand) {rC+ AC+4}
   (You found it on level 8 of the Dungeon)

   [ring of protection]

   AC+4:      It affects your AC (+4).
   rC+:       It protects you from cold.
 E - a +6 ring of strength
 O - an amulet of regeneration (around neck)
Wands
 h - a wand of paralysis (19)
 i - a wand of flame (28)
 x - a wand of polymorph (9)
 J - a wand of mindburst (11)
 L - a wand of acid (15)
 M - a wand of roots (18)
 P - a wand of digging (7)
Scrolls
 b - 2 scrolls of amnesia
 f - a scroll of poison
 p - 15 scrolls of teleportation
 q - a scroll of fog
 r - a scroll of butterflies
 t - 2 scrolls of enchant armour
 N - a scroll of immolation
 S - 3 scrolls of enchant weapon
Potions
 e - 3 potions of enlightenment
 s - 6 potions of brilliance
 w - 3 potions of resistance
 z - 5 potions of magic
 A - 6 potions of lignification
 F - a potion of invisibility
 H - a potion of might
 R - 2 potions of mutation
Miscellaneous
 u - a tin of tremorstones (2/2)


   Skills:
 + Level 18.9 Fighting
 * Level 20.7 Axes
 + Level 5.3 Throwing
 + Level 14.8 Armour
 * Level 5.2 Dodging
 - Level 1.0 Stealth
 * Level 20.3 Invocations


You had 16 spell levels left.
You didn't know any spells.
Your spell library contained the following spells:

 Spells                   Type           Power      Damage    Failure   Level
 Magic Dart               Conj           0%         1d3       96%         1
 Sandblast                Erth           0%         2d4       96%         1
 Shock                    Conj/Air       0%         1d3       96%         1
 Call Imp                 Summ           0%         N/A       99%         2
 Cigotuvi's Dreadful Rot  Necr/Pois/Air  0%         N/A       99%         2
 Lesser Beckoning         Tloc           0%         N/A       99%         2
 Passwall                 Tmut/Erth      0%         N/A       99%         2
 Poisonous Vapours        Pois/Air       0%         N/A       99%         2
 Static Discharge         Conj/Air       0%         2-2/arc   99%         2
 Sublimation of Blood     Necr           0%         N/A       99%         2
 Wereblood                Tmut           0%         N/A       99%         2
 Gell's Gravitas          Tloc           0%         N/A       100%        3
 Hailstorm                Conj/Ice       0%         3d3       100%        3
 Inner Flame              Hex/Fire       0%         N/A       100%        3
 Mephitic Cloud           Conj/Pois/Air  0%         N/A       100%        3
 Ozocubu's Armour         Ice            0%         N/A       100%        3
 Portal Projectile        Hex/Tloc       0%         N/A       100%        3
 Stone Arrow              Conj/Erth      0%         3d7       100%        3
 Swiftness                Air            0%         N/A       100%        3
 Teleport Other           Tloc           0%         N/A       100%        3
 Tukima's Dance           Hex            0%         N/A       100%        3
 Airstrike                Air            0%         2d(0-16)  100%        4
 Animate Dead             Necr           0%         N/A       100%        4
 Dispel Undead            Necr           0%         3d6       100%        4
 Flame Wave               Conj/Fire      0%         2d4       100%        4
 Iskenderun's Mystic Bla  Conj/Tloc      0%         2d3       100%        4
 Passage of Golubria      Tloc           0%         N/A       100%        4
 Sticky Flame             Conj/Fire      0%         2d3       100%        4
 Summon Ice Beast         Ice/Summ       0%         N/A       100%        4
 Summon Lightning Spire   Summ/Air       0%         N/A       100%        4
 Alistair's Intoxication  Tmut/Pois      0%         N/A       100%        5
 Borgnjor's Vile Clutch   Necr/Erth      0%         N/A       100%        5
 Freezing Cloud           Conj/Ice/Air   0%         6-21      100%        5
 Summon Mana Viper        Hex/Summ       0%         N/A       100%        5
 Yara's Violent Unravell  Hex/Tmut       0%         3d3       100%        5
 Conjure Ball Lightning   Conj/Air       0%         3x3d6     100%        6
 Death Channel            Necr           0%         N/A       100%        6
 Eringya's Noxious Bog    Tmut/Pois      0%         4d6       100%        6
 Simulacrum               Ice/Necr       0%         N/A       100%        6
 Enfeeble                 Hex            0%         N/A       100%        7
 Malign Gateway           Summ/Tloc      0%         N/A       100%        7
 Monstrous Menagerie      Summ           0%         N/A       100%        7
 Ozocubu's Refrigeration  Ice            0%         4d7       100%        7
 Summon Hydra             Summ           0%         N/A       100%        7
 Discord                  Hex            0%         N/A       100%        8
 Disjunction              Tloc           0%         N/A       100%        8
 Summon Horrible Things   Summ           0%         N/A       100%        8


Dungeon Overview and Level Annotations

Branches:
Dungeon (15/15)            Temple (0/1) D:7            Lair (5/5) D:10
 Shoals (0/4) Lair:2        Snake (3/4) Lair:2        Slime (0/5) Lair:5
    Orc (2/2) D:10            Elf (0/3) Orc:2        Vaults (0/5) D:13
 Depths (0/4) D:15          Sewer (visited)          Bailey (visited)
Gauntlet (visited)

Altars:
Ashenzari
Elyvilon
Fedhas
Hepliaklqana
Kikubaaqudgha
Makhleb
Nemelex Xobeh
Ru
Sif Muna
Trog
Uskayaw
Xom
Yredelemnul
Zin
Beogh
Jiyva

Shops:
D:2 *   D:5 (   D:8 *   D:9 !   Orc:1 *   Orc:2 *:[(   Snake:2 !((

Annotations:
Snake:1 2 transporters


Innate Abilities, Weirdness & Mutations

You possess an exceptional clarity of mind.
Your system is resistant to poisons. (rPois)
Your muscles are strong. (Str +4, Int/Dex -1)
You expend magic power (3 MP) to strengthen your wands.


Message History

You feel very mighty all of a sudden.
The naga sharpshooter shoots an arrow.
The arrow hits you!
* * * LOW HITPOINT WARNING * * *
The naga sharpshooter casts a spell.
The naga sharpshooter magically shoots a bolt.
The bolt hits you but does no damage.
Unknown command.
Unknown command.
You feel better.
The naga sharpshooter spits poison at you.
The splash of poison hits you but does no damage.
You are poisoned.
You resist.
The naga sharpshooter shoots a bolt.
The bolt hits you but does no damage.
Unknown command.
You slash the naga sharpshooter!
The naga sharpshooter is severely wounded.
You feel sick.
The naga sharpshooter shoots an arrow.
The arrow barely misses you.
You can now pass through a line of other dancers.
Unknown command.
You carve the naga sharpshooter like a ham!!!
You kill the naga sharpshooter!
You feel sick.
The naga sharpshooter shoots a bolt.
The bolt hits you but does no damage.
Unknown command.
You carve the naga sharpshooter like a ham!!!
The naga sharpshooter is almost dead.
You feel sick.
The naga sharpshooter shoots a bolt.
The bolt barely misses you.
Uskayaw will force your foes to helplessly watch your dance.
Uskayaw prepares the audience for your solo!
Unknown command.
The helpless naga sharpshooter fails to defend itself.
You cut the naga sharpshooter into ribbons!!!!
You kill the naga sharpshooter!
You feel sick.
You feel sick.
The naga sharpshooter is no longer paralysed.
The naga sharpshooter shoots a bolt.
The bolt hits you!!
You die...

#### ############## #
##..###............###
#.....#............##.
##...............#..#..
^.#....N.................
........)@................
........#.................
......###.###..#..........
.....##.....##.###........
....##...8...### #........
# ...##.........##
#........ .
..##.....∩.....###........
. #....♣...♣....#.........
. #.....888.....#.........


You could see a naga sharpshooter.

Vanquished Creatures
  Vashnia (Snake:2)
  Kirke (D:13)
  5 orc warlords
  A dire elephant (Lair:5)
  A minotaur (Gauntlet)
  An ettin (D:10)
  A fire dragon (D:15)
  An entropy weaver (shapeshifter) (D:13)
  3 salamander tyrants
  2 vault guards (Bailey)
  An ironbound frostheart (D:13)
  A hydra (Lair:4)
  An ice dragon (Snake:2)
  7 anacondas
  2 boulder beetles
  2 catoblepae
  3 centaur warriors
  16 death yaks
  An ogre mage (D:15)
  7 two-headed ogres
  9 naga warriors
  5 orc high priests
  2 tengu warriors (D:13)
  8 naga sharpshooters
  6 shock serpents
  2 skeletal warriors (D:14)
  Urug (D:11)
  A skyshark (Lair:5)
  4 salamander mystics
  3 naga ritualists
  An obsidian statue (D:13)
  A lindwurm (Lair:5)
  A wizard (Gauntlet)
  6 orc knights
  7 orc sorcerers
  5 deep elf pyromancers
  6 mana vipers
  5 ugly things (D:15)
  2 manticores (Lair:5)
  A merfolk siren (Lair:2)
  2 cyclopes
  16 salamanders
  24 black mambas
  5 guardian serpents
  13 elephants
  7 naga magi
  3 gargoyles
  An ice statue (D:9)
  2 torpor snails
  14 cane toads
  Psyche (D:8)
  An orange demon (Lair:3)
  6 komodo dragons
  5 rime drakes
  A kobold demonologist (D:10)
  A tengu conjurer (D:13)
  Grinder (D:4)
  6 polar bears
  A wolf spider simulacrum (D:13)
  Prince Ribbit (Bailey)
  8 blink frogs
  6 dancing weapons
  10 trolls
  A dream sheep (Lair:5)
  A slime creature (D:15)
  3 shadows
  16 yaks
  5 wyverns
  2 wraiths
  3 hogs (D:13)
  6 humans
  8 vampire mosquitoes
  2 basilisks
  10 wargs
  33 nagas
  An acid dragon (D:11)
  6 water moccasins
  2 ice beasts
  3 sky beasts
  42 orc warriors
  4 black bears
  4 centaurs
  23 wolves
  7 ogres
  A phantom (D:7)
  5 kobold brigands
  14 bullfrogs
  A scorpion (Lair:1)
  A gnoll sergeant (D:9)
  12 wights
  2 killer bees (D:11)
  5 howler monkeys
  2 electric eels (D:7)
  A jelly (D:6)
  17 orc priests
  2 hounds
  3 sleepcaps
  4 iguanas
  Terence (D:3)
  21 orc wizards
  8 gnolls
  2 river rats (Sewer)
  12 adders
  3 shadow imps (Gauntlet)
  2 white imps
  11 worms
  A dart slug (D:3)
  81 orcs
  5 endoplasms
  8 giant cockroaches
  17 goblins
  6 hobgoblins
  7 jackals
  4 quokkas
  11 ball pythons
  8 bats
  31 kobolds
  9 rats
  A spectral hobgoblin (D:3)
770 creatures vanquished.

Vanquished Creatures (collateral kills)
  An orc warlord (Orc:2)
  Nessos (D:14)
  A centaur warrior (D:15)
  A hydra (D:15)
  An ogre mage (D:15)
  3 two-headed ogres
  A boulder beetle (D:15)
  2 tengu warriors (D:15)
  An orc high priest (Orc:2)
  A deep troll earth mage (D:15)
  Amaemon (Lair:3)
  A skeletal warrior (D:14)
  2 orc knights
  2 orc sorcerers
  A manticore (D:14)
  2 cyclopes
  A gargoyle (D:13)
  A cane toad (Lair:1)
  A kobold demonologist (D:10)
  An unseen horror (D:12)
  A komodo dragon (Lair:1)
  A troll (Orc:1)
  4 blink frogs (Lair:3)
  3 yaks
  2 basilisks
  4 vampire mosquitoes (D:12)
  4 wargs
  An acid dragon (D:11)
  5 orc warriors
  2 ogres (D:15)
  2 centaurs
  A kobold brigand (D:10)
  A scorpion (D:4)
  4 killer bees (D:11)
  2 orc priests (Orc:2)
  5 orc wizards
  A river rat (shapeshifter) (D:14)
  15 orcs
  A kobold (D:10)
85 creatures vanquished.

Vanquished Creatures (others)
  An anaconda (Snake:2)
  An orc sorcerer (Orc:2)
  A wizard (Gauntlet)
  9 orc warriors
  An unseen horror (D:13)
  5 orc wizards
  2 orc priests
  A white imp (Gauntlet)
  42 orcs
63 creatures vanquished.

Grand Total: 918 creatures vanquished

Notes
Turn   | Place    | Note
-------+----------+-------------------------------------------
     0 | D:1      | LobsterGuardian the Hill Orc Monk began the quest for the
                  | Orb.
     0 | D:1      | Reached XP level 1. HP: 19/19 MP: 1/1
   295 | D:1      | Reached XP level 2. HP: 13/27 MP: 2/2
  1077 | D:2      | Reached XP level 3. HP: 33/33 MP: 3/3
  1092 | D:2      | Reached skill level 5 in Axes
  1399 | D:2      | Found Wadumam's General Store.
  1920 | D:2      | Found a basalt altar of Yredelemnul.
  2251 | D:3      | Reached XP level 4. HP: 28/40 MP: 2/4
  2389 | D:3      | Found a white marble altar of Elyvilon.
  2407 | D:3      | Noticed Terence
  2426 | D:3      | Killed Terence
  2433 | D:3      | Reached XP level 5. HP: 37/47 MP: 5/5
  2793 | D:3      | Found a sparkling altar of Nemelex Xobeh.
  3274 | D:3      | Found a hazy altar of Hepliaklqana.
  3384 | D:4      | Reached skill level 1 in Stealth
  3400 | D:4      | Reached XP level 6. HP: 35/53 MP: 4/6
  3521 | D:4      | Noticed Grinder
  3531 | D:4      | Killed Grinder
  3532 | D:4      | Reached skill level 1 in Armour
  3532 | D:4      | Reached XP level 7. HP: 58/60 MP: 7/7
  3562 | D:4      | Noticed a yak
  3563 | D:4      | Noticed a yak
  3563 | D:4      | Noticed a yak
  3563 | D:4      | Noticed a yak
  3643 | D:5      | Entered Level 5 of the Dungeon
  3653 | D:5      | Became a worshipper of Beogh the Brigand
  3653 | D:5      | Reached * piety under Beogh
  3653 | D:5      | Reached ** piety under Beogh
  3667 | D:5      | HP: 3/60 [ogre/+0 giant spiked club (19)]
  3675 | D:5      | Reached skill level 5 in Fighting
  3903 | D:5      | Found a burning altar of Makhleb.
  4017 | D:5      | Reached skill level 1 in Invocations
  4135 | D:5      | Found Gofeff's Antique Weapon Emporium.
  4608 | D:6      | Reached skill level 10 in Axes
  4608 | D:6      | Reached XP level 8. HP: 68/68 MP: 5/9
  5009 | D:6      | Found a glowing drain.
  5029 | Sewer    | Entered a sewer
  5953 | D:7      | Identified a scroll of acquirement
  5953 | D:7      | Acquired a manual of Invocations
  6053 | D:7      | Found a transporter.
  6072 | D:7      | Found a transporter.
  6088 | D:7      | Reached XP level 9. HP: 75/75 MP: 12/12
  6106 | D:7      | Found a flagged portal.
  6119 | Bailey   | Entered a bailey
  6130 | Bailey   | Reached *** piety under Beogh
  6173 | Bailey   | Reached skill level 5 in Invocations
  6323 | Bailey   | Noticed a vault guard
  6323 | Bailey   | Noticed Prince Ribbit
  6328 | Bailey   | Killed a vault guard
  6329 | Bailey   | Reached skill level 5 in Armour
  6331 | Bailey   | Killed Prince Ribbit
  6332 | Bailey   | Reached XP level 10. HP: 61/86 MP: 0/15
  6341 | Bailey   | Acquired 643 gold pieces
  6459 | Bailey   | Noticed a vault guard
  6471 | Bailey   | Killed a vault guard
  6764 | D:7      | Found a staircase to the Ecumenical Temple.
  6991 | D:7      | Found a shimmering blue altar of Sif Muna.
  7452 | D:8      | Noticed Psyche
  7464 | D:8      | Killed Psyche
  7465 | D:8      | Reached skill level 10 in Invocations
  7625 | D:8      | Found an ancient bone altar of Kikubaaqudgha.
  7755 | D:8      | Found a broken altar of Ashenzari.
  7834 | D:8      | Found Etoda's Overcharged Wands.
  8045 | D:8      | Identified the ring "Kijuom" {rC+ AC+4}
  8069 | D:8      | Found a hide-covered altar of Uskayaw.
  8069 | D:8      | Found a basalt altar of Yredelemnul.
  8290 | D:8      | Found a bloodstained altar of Trog.
  8823 | D:9      | Found a sacrificial altar of Ru.
  8848 | D:9      | Reached XP level 11. HP: 86/97 MP: 15/19
  9154 | D:9      | Noticed a two-headed ogre
  9161 | D:9      | Killed a two-headed ogre
  9565 | D:9      | Found Pieneryj's Distillery.
  9565 | D:9      | Noticed a two-headed ogre
  9577 | D:9      | Killed a two-headed ogre
  9807 | D:9      | Gained mutation: You have sharp toenails. [potion of
                  | mutation]
  9807 | D:9      | Gained mutation: You are clumsy. (Dex -2) [potion of
                  | mutation]
  9844 | D:10     | Entered Level 10 of the Dungeon
  9853 | D:10     | Found a staircase to the Lair.
 10085 | D:10     | Found a staircase to the Orcish Mines.
 10331 | Orc:1    | Entered Level 1 of the Orcish Mines
 10331 | Orc:1    | Noticed an orc knight
 10331 | Orc:1    | Noticed an orc high priest
 10331 | Orc:1    | Noticed an orc sorcerer
 10333 | Orc:1    | Noticed an ettin
 10334 | Orc:1    | Noticed a sun demon
 10334 | Orc:1    | Noticed an orc sorcerer
 10453 | D:10     | Reached skill level 15 in Axes
 10516 | D:10     | Found a shimmering altar of Xom.
 10545 | D:10     | Noticed a two-headed ogre
 10554 | D:10     | Killed a two-headed ogre
 10665 | D:10     | Reached **** piety under Beogh
 10751 | D:10     | Noticed a sixfirhy
 10757 | D:10     | Reached skill level 10 in Fighting
 10903 | D:10     | Found a glowing silver altar of Zin.
 11382 | D:4      | Found a blossoming altar of Fedhas.
 11712 | D:10     | Killed an ettin
 11995 | D:11     | Found a gate leading to a gauntlet.
 12006 | Gauntlet | Entered a Gauntlet
 12006 | Gauntlet | Found a transporter.
 12043 | Gauntlet | Noticed a necromancer
 12047 | Gauntlet | Found a transporter.
 12062 | Gauntlet | Found a transporter.
 12067 | Gauntlet | Found a transporter.
 12082 | Gauntlet | Found a transporter.
 12101 | Gauntlet | Found a transporter.
 12109 | Gauntlet | Found a large runed translucent door.
 12110 | Gauntlet | Found a large runed translucent door.
 12111 | Gauntlet | Found a large runed translucent door.
 12111 | Gauntlet | Found a large runed translucent door.
 12112 | Gauntlet | Found a runed translucent gate.
 12113 | Gauntlet | Found a transporter.
 12113 | Gauntlet | Found a runed translucent gate.
 12114 | Gauntlet | Found a runed translucent gate.
 12115 | Gauntlet | Found a large runed translucent door.
 12115 | Gauntlet | Found a large runed translucent door.
 12116 | Gauntlet | Found a large runed translucent door.
 12116 | Gauntlet | Noticed a hell beast
 12117 | Gauntlet | Found a large runed translucent door.
 12122 | Gauntlet | Noticed a dire elephant
 12125 | Gauntlet | Found a transporter.
 12140 | Gauntlet | Found a transporter.
 12147 | Gauntlet | Noticed a wizard
 12147 | Gauntlet | Noticed a wizard
 12149 | Gauntlet | Found a transporter.
 12166 | Gauntlet | Found a transporter.
 12184 | Gauntlet | Found a transporter.
 12186 | Gauntlet | Found a transporter.
 12191 | Gauntlet | Noticed a large abomination
 12204 | Gauntlet | Noticed a soul eater
 12229 | Gauntlet | Found a transporter.
 12231 | Gauntlet | Found a transporter.
 12305 | Gauntlet | Found a large runed translucent door.
 12305 | Gauntlet | Found a large runed translucent door.
 12305 | Gauntlet | Found a runed translucent door.
 12305 | Gauntlet | Found a runed translucent door.
 12306 | Gauntlet | Found a large runed translucent door.
 12307 | Gauntlet | Found a large runed translucent door.
 12309 | Gauntlet | Found a transporter.
 12325 | Gauntlet | Found a large runed translucent door.
 12325 | Gauntlet | Found a large runed translucent door.
 12326 | Gauntlet | Found a large runed translucent door.
 12327 | Gauntlet | Found a large runed translucent door.
 12329 | Gauntlet | Found a transporter.
 12351 | Gauntlet | Found a transporter.
 12498 | Gauntlet | Identified the +2 pair of gloves of Irril {Harm}
 12513 | Gauntlet | Killed a wizard
 12517 | Gauntlet | Killed a wizard
 12770 | Gauntlet | Identified the +5 plate armour of Resilience {rPois Str+2
                  | Int-4}
 12770 | Gauntlet | Noticed a minotaur
 12781 | Gauntlet | Killed a minotaur
 12782 | Gauntlet | Reached XP level 12. HP: 23/107 MP: 2/22
 13164 | D:11     | Noticed Urug
 13171 | D:11     | Killed Urug
 13368 | D:11     | Paralysed by a centaur for 4 turns
 13411 | D:11     | Noticed a two-headed ogre
 13416 | D:11     | Killed a two-headed ogre
 13815 | D:12     | Lost mutation: You are clumsy. (Dex -2) [potion of
                  | mutation]
 13815 | D:12     | Lost mutation: You have sharp toenails. [potion of
                  | mutation]
 13815 | D:12     | Gained mutation: You do not regenerate when monsters are
                  | visible. [potion of mutation]
 13815 | D:12     | Gained mutation: You have very sharp teeth. [potion of
                  | mutation]
 13815 | D:12     | Gained mutation: You possess an exceptional clarity of
                  | mind. [potion of mutation]
 13816 | D:12     | Lost mutation: You do not regenerate when monsters are
                  | visible. [potion of mutation]
 13816 | D:12     | Lost mutation: You possess an exceptional clarity of mind.
                  | [potion of mutation]
 13816 | D:12     | Lost mutation: You have very sharp teeth. [potion of
                  | mutation]
 13816 | D:12     | Gained mutation: Your mind is acute. (Int +4, Str/Dex -1)
                  | [potion of mutation]
 13816 | D:12     | Gained mutation: You are robust. (+10% HP) [potion of
                  | mutation]
 13816 | D:12     | Gained mutation: You occasionally lose the ability to read
                  | scrolls when taking damage. [potion of mutation]
 13816 | D:12     | Gained mutation: You are somewhat resistant to further
                  | mutation. [potion of mutation]
 13893 | D:12     | Noticed a centaur warrior
 13901 | D:12     | Killed a centaur warrior
 14307 | D:12     | You fall into a shaft and drop 3 floors!
 14307 | D:15     | Entered Level 15 of the Dungeon
 14322 | D:15     | Noticed a fire dragon
 14331 | D:15     | Killed a fire dragon
 14464 | D:15     | Noticed a six-headed hydra
 14469 | D:15     | Reached skill level 10 in Armour
 14472 | D:15     | Reached skill level 1 in Throwing
 14477 | D:15     | Killed a four-headed hydra
 14481 | D:15     | Killed a boulder beetle
 14630 | D:15     | Killed a centaur warrior
 14668 | D:15     | Noticed a tengu warrior
 14670 | D:15     | Noticed a tengu warrior
 14676 | D:15     | Killed a tengu warrior
 14680 | D:15     | Killed a tengu warrior
 14681 | D:15     | Reached XP level 13. HP: 116/129 MP: 20/23
 14783 | D:15     | Identified the ring "Wotu" {rElec Slay+4}
 15274 | D:15     | Found a staircase to the Depths.
 15306 | D:15     | Noticed a yaktaur captain
 15644 | D:14     | Identified the +2 pair of boots of Neca Lup {Int+3}
 15718 | D:14     | Reached ***** piety under Beogh
 15734 | D:14     | Noticed Nessos
 15737 | D:14     | Killed Nessos
 16318 | D:13     | Gained Bogwald as an ally
 16502 | D:13     | Your ally Bogwald died
 16503 | D:13     | Gained Boldo as an ally
 16560 | D:13     | Found a gate to the Vaults.
 16701 | D:13     | Noticed Kirke
 16713 | D:13     | Killed Kirke
 16879 | D:13     | a fire crab changed into an entropy weaver
 16879 | D:13     | Noticed an entropy weaver (shapeshifter)
 16885 | D:13     | Killed an entropy weaver
 16886 | D:13     | Reached XP level 14. HP: 140/145 MP: 25/25
 17442 | Orc:1    | Found a roughly hewn altar of Beogh.
 17444 | Orc:1    | Gained Blodwig as an ally
 17728 | Orc:2    | Entered Level 2 of the Orcish Mines
 17728 | Orc:2    | Found a roughly hewn altar of Beogh.
 17770 | Orc:2    | Gained Boderik as an ally
 17959 | Orc:2    | Found a roughly hewn altar of Beogh.
 17970 | Orc:2    | Found Lidauha's Assorted Antiques.
 17975 | Orc:2    | Bought a blackened bone wand for 104 gold pieces
 18013 | Orc:2    | Found a staircase to the Elven Halls.
 18163 | Orc:2    | Found a roughly hewn altar of Beogh.
 18171 | Orc:2    | Found a roughly hewn altar of Beogh.
 18195 | Orc:2    | Gained Spirok as an ally
 18195 | Orc:2    | Found Cuasuovi's Antique Armour Emporium.
 18195 | Orc:2    | Noticed an orc warlord
 18204 | Orc:2    | Killed an orc warlord
 18304 | Orc:2    | Found a roughly hewn altar of Beogh.
 18306 | Orc:2    | Found Asorphij's Antique Weapon Shoppe.
 18417 | Orc:2    | Found a roughly hewn altar of Beogh.
 18421 | Orc:2    | Found Regelimuo's Book Boutique.
 18488 | Orc:2    | Found a roughly hewn altar of Beogh.
 18859 | Orc:1    | Gained Borgk as an ally
 18898 | Orc:1    | Found Wuadakirun's Whimsical Warehouse.
 19313 | D:12     | Found a hide-covered altar of Uskayaw.
 19920 | Lair:1   | Entered Level 1 of the Lair of Beasts
 20205 | Lair:1   | Reached skill level 15 in Fighting
 20291 | Lair:1   | Found a blossoming altar of Fedhas.
 21056 | Lair:2   | Lost mutation: You are robust. (+10% HP) [potion of
                  | mutation]
 21056 | Lair:2   | Lost mutation: Your mind is acute. (Int +4, Str/Dex -1)
                  | [potion of mutation]
 21056 | Lair:2   | Lost mutation: You are somewhat resistant to further
                  | mutation. [potion of mutation]
 21056 | Lair:2   | Gained mutation: Your muscles are strong. (Str +4, Int/Dex
                  | -1) [potion of mutation]
 21056 | Lair:2   | Gained mutation: You are somewhat resistant to further
                  | mutation. [potion of mutation]
 21057 | Lair:2   | Lost mutation: You are somewhat resistant to further
                  | mutation. [potion of mutation]
 21057 | Lair:2   | Lost mutation: Your muscles are strong. (Str +4, Int/Dex
                  | -1) [potion of mutation]
 21057 | Lair:2   | Lost mutation: You occasionally lose the ability to read
                  | scrolls when taking damage. [potion of mutation]
 21057 | Lair:2   | Gained mutation: You possess an exceptional clarity of
                  | mind. [potion of mutation]
 21057 | Lair:2   | Gained mutation: Your system is resistant to poisons.
                  | (rPois) [potion of mutation]
 21057 | Lair:2   | Gained mutation: You expend magic power (3 MP) to
                  | strengthen your wands. [potion of mutation]
 21057 | Lair:2   | Gained mutation: Your muscles are strong. (Str +4, Int/Dex
                  | -1) [potion of mutation]
 21073 | Lair:2   | Reached skill level 15 in Invocations
 21209 | Lair:2   | Found a staircase to the Shoals.
 21265 | Lair:2   | Found a staircase to the Snake Pit.
 21706 | Lair:3   | Noticed Amaemon
 21713 | Lair:3   | Killed Amaemon
 21715 | Lair:3   | Was placed under penance by Beogh
 21716 | Lair:3   | Fell from the grace of Beogh
 21819 | Orc:1    | Became a worshipper of Beogh the Brigand
 21978 | D:12     | Fell from the grace of Beogh
 21978 | D:12     | Became a worshipper of Uskayaw the Reveller
 22132 | Lair:3   | Reached * piety under Uskayaw
 22141 | Lair:3   | Reached ** piety under Uskayaw
 22144 | Lair:3   | Reached *** piety under Uskayaw
 22149 | Lair:3   | Reached **** piety under Uskayaw
 22427 | Lair:3   | Reached ***** piety under Uskayaw
 22769 | Lair:4   | Reached XP level 15. HP: 144/144 MP: 26/26
 23602 | Lair:5   | Entered Level 5 of the Lair of Beasts
 23631 | Lair:5   | Found a runed translucent door.
 23632 | Lair:5   | Found a viscous altar of Jiyva.
 23635 | Lair:5   | Found a staircase to the Slime Pits.
 23733 | Lair:5   | Noticed Bogrim
 23741 | Lair:5   | Killed Bogrim the orc warlord
 23871 | Lair:5   | Noticed an orc warlord
 23874 | Lair:5   | Killed an orc warlord
 23888 | Lair:5   | Reached ****** piety under Uskayaw
 24195 | Lair:5   | Identified the ring of Imiror {MP+9 Str+2 Int+8}
 24536 | Lair:5   | Identified the +1 ring mail of Inviolability {rPois rF+
                  | Int+3}
 24793 | Snake:1  | Entered Level 1 of the Snake Pit
 24924 | D:7      | Identified the +1 pair of boots "Ducekuesch" {rElec Int+5}
 25009 | Lair:1   | Noticed Bogward
 25015 | Lair:1   | Killed Bogward the orc warlord
 25242 | Snake:1  | Found a transporter.
 25276 | Snake:1  | Noticed Korbok
 25278 | Snake:1  | Killed Korbok the orc warlord
 25674 | Snake:1  | Found a transporter.
 25845 | Snake:1  | Reached XP level 16. HP: 157/157 MP: 29/29
 26729 | Snake:2  | Identified the +2 robe "Beujilic" {-Tele rElec rC+}
 26730 | Snake:2  | Found Uciysh's Distillery.
 27251 | Snake:2  | You fall into a shaft and drop 1 floor!
 27452 | Snake:3  | Reached skill level 5 in Throwing
 27607 | Snake:3  | Acquired a +1 executioner's axe of electrocution
 28371 | Snake:3  | Reached skill level 5 in Dodging
 28882 | Snake:2  | Noticed Vashnia
 29076 | Snake:2  | Found Heel's Weapon Shoppe.
 29082 | Snake:2  | Found Oruw's Weapon Emporium.
 29159 | Snake:2  | Killed Vashnia
 29160 | Snake:2  | Reached XP level 17. HP: 44/166 MP: 27/31
 29162 | Snake:2  | HP: 2/166 [naga sharpshooter/arrow[Vashnia] (14)]
 29168 | Snake:2  | Shot with a bolt by a naga sharpshooter

Illustrated notes

Levels and vault maps discovered:
D:1:      amcnicky_arrival_double_pillar, layout_loops_cross,
          minmay_misc_feat_cross
D:2:      minmay_chambers_of_ones, layout_loops_corners,
          serial_co_window_serial, co_window_corner_a, co_window_paths_b,
          co_window_paths_b, co_window_paths_a, co_window_corner_a,
          co_window_corner_ca, co_window_unsneaky_path_e,
          co_window_unsneaky_path_a, co_window_unsneaky_path_b,
          co_window_of_opportunity_c, co_window_unsneaky_path_d,
          co_window_of_opportunity_b, serial_shops,
          nicolae_shop_window_shopping, basic_altar
D:3:      minmay_spotlight, layout_loops_cross, elyvilon_altar_3,
          nicolae_hepliaklqana_monster_ancestors, nemelex_spade_bored_becter,
          nicolae_wormholes, uniq_terence
D:4:      layout_cave_pools, mainiacjoe_overflow_alcove_1, uniq_grinder
D:5:      layout_loops_ring, lightli_temple_of_fire, serial_shops, shop_coins
D:6:      layout_loops_ring, gup_sewer_entry_glass,
          eino_small_chamber_without_monster, dk_rats_in_the_wall
D:7:      gammafunk_steamed_eel, layout_layer_cave,
          nicolae_sif_muna_condensation, minmay_temple_entry_waves,
          enter_bailey_3
D:8:      layout_loops_corners, ashenzari_conservatory_becter,
          trog_hazing_becter, mainiacjoe_overflow_chevrons,
          gammafunk_temple_overflow_elements, nicolae_shop_overcharged_wands,
          uniq_psyche
D:9:      layout_gridville, hangedman_ru_absence, minivault_16,
          kennysheep_windowed_goal
D:10:     layout_loops_ring, marbit_many_paths, kennysheep_mini_moat,
          erik_lair_orcish_takeover, hiddenorc1_lemuel
D:11:     wander_river, layout_irregular_city, gauntlet_entry_generic,
          st_stairs_8, uniq_urug
D:12:     layout_roguey, eat_drink_and_be_merry_uskayaw
D:13:     layout_basic, hellmonk_vaults_keyhole, minivault_16, minivault_1,
          kennysheep_cluttered_room, nrook_uturn, uniq_kirke
D:14:     layout_irregular_city, nicolae_figureground_pulse, uniq_nessos
D:15:     hellmonk_depths_entry_around_the_bend, layout_loops_ring,
          small_statue_intersection
Lair:1:   layout_loops_ring, basic_altar
Lair:2:   layout_chaotic_city, minmay_shoals_entry_lonely_mermaid,
          guppyfry_snake_entry_island
Lair:3:   layout_hall_layers, lemuel_old_faithful, uniq_amaemon
Lair:4:   layout_roguey
Lair:5:   hangedman_lair_in_review, layout_gridlike, slime_entry_2
Snake:1:  gammafunk_its_a_trap, layout_grid_maze, grunt_megastairs_4
Snake:2:  layout_grid_shapes, serial_shops, nicolae_take_the_stairs,
          portal_ice_cave_entry_dragon, drop_trap, minmay_shoptagon,
          uniq_vashnia
Snake:3:  layout_chambers
Orc:1:    layout_caves, basic_altar, nicolae_alphabet_shops
Orc:2:    grunt_orc_community_town_hall, layout_diamond_mine,
          grunt_orc_community_big_house_2, grunt_orc_community_big_house_2,
          grunt_orc_community_house_2, grunt_orc_community_house_2,
          grunt_orc_community_house_3, grunt_orc_community_house_3,
          grunt_orc_community_house_1, grunt_orc_community_house_1, basic_altar

Skill      XL: |  1  2  3  4  5  6  7  8  9 10 11 12 13 14 15 16 |
---------------+-------------------------------------------------+-----
Fighting       | 4 5 6 7 9 10 12 14 16 17 18 | 18.9
Axes           | 5 6 7 8 10 11 13 14 16 17 19 20 | 20.7
Stealth        | 1 |  1.0
Armour         | 1 2 3 5 7 8 10 11 13 14 | 14.8
Dodging        | 3 4 5 |  5.2
Invocations    | 2 4 7 11 13 14 15 18 20 | 20.3
Throwing       | 1 2 3 5 |  5.3

Action                     |  1- 3 |  4- 6 |  7- 9 | 10-12 | 13-15 | 16-18 || total
---------------------------+-------+-------+-------+-------+-------+-------++-------
  Melee: Hand axe          |   137 |    99 |   274 |   172 |     3 |       ||   685
         Battleaxe         |       |       |       |   255 |   605 |   146 ||  1006
         Executioner's axe |       |       |       |       |       |   106 ||   106
  Throw: Throwing net      |       |       |     1 |     1 |       |       ||     2
         Boomerang         |       |       |       |     8 |    67 |    49 ||   124
 Invoke: Smiting           |       |       |     5 |     9 |     5 |       ||    19
         Convert to Beogh  |       |       |     1 |       |       |       ||     1
         Recall Orcish Fol |       |       |       |     3 |    12 |       ||    15
         Give Item to Name |       |       |       |       |     2 |       ||     2
         Stomp             |       |       |       |       |     4 |     6 ||    10
         Grand Finale      |       |       |       |       |     2 |     4 ||     6
         Line Pass         |       |       |       |       |     2 |       ||     2
  Evoke: Wand              |       |     1 |       |       |     1 |       ||     2
    Use: Scroll            |     4 |     1 |    10 |     6 |    11 |     5 ||    37
         Potion            |       |       |     5 |    12 |     4 |    11 ||    32
   Stab: Distracted        |       |     3 |     1 |     5 |     1 |       ||    10
         Paralysed         |       |     5 |       |     1 |    65 |    43 ||   114
         Petrifying        |       |       |       |       |     1 |       ||     1
 Armour: Robe              |    29 |     6 |       |       |       |       ||    35
         Scale mail        |       |     6 |    74 |   125 |       |       ||   205
         Ring mail         |       |     2 |       |       |       |       ||     2
         Skin              |       |       |     1 |       |       |       ||     1
         Plate armour      |       |       |       |    92 |   316 |   182 ||   590
  Dodge: Dodged            |    91 |    43 |   100 |   214 |   201 |    91 ||   740

Table legend: (Time is in decaauts)
 A = Elapsed time spent in this place.
 B = Non-inter-level travel time spent in this place.
 C = Inter-level travel time spent in this place.
 D = Time resting spent in this place.
 E = Time spent auto-exploring this place.
 F = Levels seen in this place.
 G = Mean time per level.
                   A        B        C        D        E       F      G
               +--------+--------+--------+--------+--------+-----+--------+
         Total |  28896 |  25667 |   3229 |    457 |  21243 |  28 | 1032.0 |
       Dungeon |  17176 |  14795 |   2381 |    100 |  12735 |  15 | 1145.1 |
          Lair |   4566 |   3999 |    567 |      0 |   3290 |   5 |  913.2 |
     Snake Pit |   3877 |   3708 |    169 |    190 |   2884 |   3 | 1292.3 |
  Orcish Mines |   1309 |   1198 |    111 |      0 |   1017 |   2 |  654.5 |
         Sewer |    441 |    441 |      0 |      0 |    300 |   1 |  441.0 |
        Bailey |    553 |    553 |      0 |      0 |    430 |   1 |  553.0 |
      Gauntlet |    973 |    973 |      0 |    167 |    586 |   1 |  973.0 |
               +--------+--------+--------+--------+--------+-----+--------+

Top non-repeatable levels by time:
    D:10: 2350 daAuts
 Snake:3: 1613 daAuts
 Snake:1: 1485 daAuts
    D:15: 1436 daAuts
     D:8: 1422 daAuts
     D:2: 1304 daAuts
     D:9: 1256 daAuts
     D:3: 1177 daAuts
  Lair:5: 1127 daAuts
    D:13: 1070 daAuts
    D:11: 1005 daAuts
     D:6: 987 daAuts
Gauntlet: 973 daAuts
     D:5: 964 daAuts
     D:1: 944 daAuts
